 Dungeon Crawl Stone Soup version 0.30-b1-2-g02819fbbbe (webtiles) character file.

Game seed: 10848316480412032713

6 Alarkh the Caller (level 1, -1/13 HPs)
             Began as a Demonspawn Summoner on May 30, 2023.
             Slain by a ball python (3 damage)
             ... on level 1 of the Dungeon.
             The game lasted 00:00:42 (82 turns).

Alarkh the Caller (Demonspawn Summoner)               Turns: 82, Time: 00:00:42

Health: -1/13      AC:  2    Str:  8    XL:     1   Next: 75%
Magic:  1/3        EV: 12    Int: 16    God:
Gold:   0          SH:  0    Dex: 13    Spells: 3/4 levels left

rFire   . . .        d - +0 short sword
rCold   . . .        (no shield)
rNeg    . . .        a - +0 robe
rPois   .            (no helmet)
rElec   .            (no cloak)
rCorr   .            (no gloves)
SInv    .            (no boots)
Will    .....        (no amulet)
Stlth   ++           (no ring)
HPRegen 0.22/turn    (no ring)
MPRegen 0.08/turn

%: no passive effects
@: no status effects
A: no striking features
a: no special abilities


You were on level 1 of the Dungeon.
You visited 1 branch of the dungeon, and saw 1 of its levels.

Inventory:

Hand Weapons
 d - a +0 short sword (weapon)
Armour
 a - a +0 robe (worn)
Jewellery
 e - a ring of see invisible
Potions
 b - a potion of magic
 c - a potion of curing {unknown}


   Skills:
 - Level 1.7 Dodging
 - Level 1.7 Stealth
 + Level 2.1 Spellcasting
 * Level 4.2 Summonings


You had 3 spell levels left.
You knew the following spells:

 Your Spells              Type           Power      Damage    Failure   Level
a - Summon Small Mammal   Summ           60%        N/A       3%          1

Your spell library contained the following spells:

 Spells                   Type           Power      Damage    Failure   Level
 Call Imp                 Summ           30%        N/A       5%          2
 Call Canine Familiar     Summ           15%        N/A       11%         3
 Summon Guardian Golem    Hex/Summ       8%         N/A       26%         3
 Summon Lightning Spire   Summ/Air       8%         N/A       65%         4


Dungeon Overview and Level Annotations

Branches:
Dungeon (1/15)

Altars:


Message History

The goblin hits your quokka but does no damage.
The quokka bites your quokka but does no damage.
Your quokka misses the quokka.
Your quokka closely misses the goblin.
The goblin hits your quokka with a +0 dagger.
Your quokka dies!
Your quokka's corpse disappears in a puff of smoke!
The quokka closely misses your quokka.
Your quokka barely misses the quokka.
The quokka misses your quokka.
Your quokka misses the quokka. The quokka closely misses your quokka.
Your quokka bites the quokka.
The quokka bites your quokka but does no damage.
Your quokka closely misses the quokka.
Something barely misses your quokka. The quokka barely misses your quokka.
Your quokka barely misses the quokka.
Something barely misses your quokka. The quokka misses your quokka.
Your quokka closely misses the quokka.
Something barely misses your quokka. The quokka bites your quokka.
Your quokka bites the quokka.
The quokka dies!
Found a marble ring.
A ball python comes into view.
You see here a ring of see invisible.
e - a ring of see invisible A goblin comes into view.
It is wielding a +0 club.
The ball python hisses angrily.
The kobold hits your quokka with a +0 dagger.
A frilled lizard comes into view.
Found 15 gold pieces.
The goblin shouts!
Your quokka bites the kobold.
The kobold dies!
The ball python bites you.
* * * LOW HITPOINT WARNING * * *
The ball python barely misses you.
The frilled lizard attacks as you move away!
The frilled lizard barely misses you.
Your quokka bites the ball python.
Your quokka misses the frilled lizard.
You see here 15 gold pieces.
Casting: Summon Small Mammal (safe; 3% risk of failure)
Confirm with . or Enter, or press ? or * to list all spells.
The ball python bites you.
You die...

#. . ### ##.##. ..#
.♣.♣.♣.♣ # #.#
♣...♣...♣. #.# #
.♣.♣.♣.♣.♣###.##.##..
...♣...♣..g..r.g.....#
.♣.♣.♣.♣.♣.♣###l##....
...♣...♣...♣.# #S# #
♣.♣.♣.♣.♣.♣.♣# #@#
.♣...♣...♣...# #.#
♣.♣.♣.♣.♣K♣.♣# .b.
...♣...♣...♣.#.###.
♣.♣.♣.♣.♣.♣.♣#. ..
.♣...♣...♣...# #.
♣.♣.♣?♣†♣.♣r♣# ..
...♣..†♣r..♣.. #.
♣.♣.♣.♣r♣.♣....


You could see a goblin, a ball python (ally target), a frilled lizard, a
friendly quokka (summoned) and a friendly bat (summoned).

Vanquished Creatures
  A giant cockroach (D:1)
  A ball python (D:1)
  A kobold (D:1)
3 creatures vanquished.

Vanquished Creatures (collateral kills)
  A hobgoblin (D:1)
  A quokka (D:1)
  A kobold (D:1)
3 creatures vanquished.

Grand Total: 6 creatures vanquished

Notes
Turn   | Place    | Note
-------+----------+-------------------------------------------
     0 | D:1      | Alarkh the Demonspawn Summoner began the quest for the Orb.
     0 | D:1      | Reached XP level 1. HP: 13/13 MP: 3/3
    82 | D:1      | Slain by a ball python

Illustrated notes

Levels and vault maps discovered:
D:1:      reono_arrival_forest_river, layout_loops_ring, serial_shops,
          nicolae_shop_stone, ebering_ecumenical_altar_rust,
          kennysheep_crisscross, minmay_vboxes

Action                     || total
---------------------------++-------
  Melee: Short sword       ||    10
         Unarmed           ||     5
   Cast: Summon Small Mamm ||     6
 Armour: Robe              ||     1
  Dodge: Dodged            ||    19
